 Dungeon Crawl Stone Soup version 0.28-a0-863-g8cecda6153 (console) character file.

Game seed: 1221506445671594766

204116 jejorda2 the Tortoise (level 18, -3/113 HPs)
             Began as a Gargoyle Berserker on Nov 19, 2021.
             Was a High Priest of Trog.
             Slain by a merfolk (15 damage)
             ... on level 1 of the Shoals.
             The game lasted 02:11:13 (43090 turns).

jejorda2 the Tortoise (Gargoyle Berserker)         Turns: 43090, Time: 02:11:15

Health: -3/113     AC: 53    Str: 28    XL:     18   Next: 63%
Magic:  18/18      EV:  8    Int:  8    God:    Trog [*****.]
Gold:   570        SH: 14    Dex: 10    Spells: 17/17 levels left

rFire   + + +      SeeInvis +   a - +4 double sword (flame)
rCold   + + +      Faith    +   T - +2 shield of Resistance {rF++ rC++ Will++}
rNeg    + . .      Spirit   .   n - +0 gold dragon scales
rPois   ∞          Reflect  .   X - +2 helmet {SInv}
rElec   +          Harm     .   m - +1 cloak {Will+}
rCorr   .          Rampage  .   S - +1 pair of gloves "Makkyongasm" {rPois Will- Slay+5 Stlth+}
Will    +++++                   D - +0 pair of boots
Stlth   ..........              l - amulet of faith
HPRegen 1.28/turn               H - +4 ring of protection
MPRegen 0.16/turn               c - +4 ring of protection

@: strong-willed, on berserk cooldown, flying, regenerating, slowed, very slow
A: sickness immunity, AC +13, big wings, negative energy resistance 1,
electricity resistance, torment resistance 1, petrification resistance
}: 1/15 runes: serpentine
a: Renounce Religion, Berserk, Trog's Hand, Brothers in Arms


You were on level 1 of the Shoals.
You worshipped Trog.
Trog was extremely pleased with you.
You visited 5 branches of the dungeon, and saw 28 of its levels.
You visited 1 bazaar.
You also visited: Ossuary, Gauntlet and Ice Cave.

You collected 2836 gold pieces.
You spent 2266 gold pieces at shops.

Inventory:

Hand Weapons
 a - a +4 double sword of flaming (weapon)
 b - a +5 hunting sling of freezing
 w - a +3 antimagic double sword
 E - the +10 short sword "Jaysyvat" {antimagic, *Noise rElec rC++ rCorr}
   (You took it off an orc on level 4 of the Dungeon)

   It reduces the magical energy of the wielder, and disrupts the spells and
   magical abilities of those it strikes.
   Natural abilities and divine invocations are not affected.
   rC:        It greatly protects you from cold.
   rElec:     It insulates you from electricity.
   *Noise:    It may make noises in combat.
   rCorr:     It protects you from acid and corrosion.
Missiles
 f - 458 stones
 g - 65 poisoned darts (quivered)
 p - 11 curare-tipped darts
 s - 9 javelins
 t - 5 throwing nets
 x - 6 boomerangs
 F - 2 silver javelins
 P - 148 sling bullets
Armour
 m - a +1 cloak of willpower (worn)
 n - +0 gold dragon scales (worn)
 D - a +0 pair of boots (worn)
 S - the +1 pair of gloves "Makkyongasm" (worn) {rPois Will- Slay+5 Stlth+}
   (You bought it in a shop on level 1 of the Orcish Mines)

   Slay:      It affects your accuracy & damage with ranged weapons and melee
   (+5).
   rPois:     It protects you from poison.
   Will:      It decreases your willpower.
   Stlth:     It makes you more stealthy.
 T - the +2 shield of Resistance (worn) {rF++ rC++ Will++}
   (You found it on level 12 of the Dungeon)

   rF:        It greatly protects you from fire.
   rC:        It greatly protects you from cold.
   Will:      It greatly increases your willpower.
 X - a +2 helmet of see invisible (worn)
Jewellery
 c - a +4 ring of protection (right hand)
 l - an amulet of faith (around neck)
 H - a +4 ring of protection (left hand)
Wands
 o - a wand of polymorph (9)
 q - a wand of flame (67)
 y - a wand of charming (56)
 G - a wand of iceblast (30)
 I - a wand of mindburst (28)
 N - a wand of paralysis (28)
 R - a wand of acid (32)
Scrolls
 d - 4 scrolls of blinking
 k - 4 scrolls of fear
 r - 8 scrolls of teleportation
 B - 5 scrolls of magic mapping
 J - a scroll of acquirement {unknown}
 L - 2 scrolls of fog
 O - a scroll of summoning
 U - 3 scrolls of enchant weapon
Potions
 h - 9 potions of attraction
 i - 2 potions of heal wounds
 j - 6 potions of cancellation
 u - 5 potions of might
 v - 8 potions of curing
 z - 4 potions of haste
 A - 5 potions of resistance
 C - 5 potions of invisibility
 M - 4 potions of mutation
Miscellaneous
 e - a phial of floods
 K - a piece from Xom's chessboard (15/15)
 Q - a condenser vane
 V - a tin of tremorstones (2/2)


   Skills:
 + Level 12.6 Fighting
 - Level 16.0 Long Blades
 - Level 9.5(12.2) Slings
 * Level 12.1(13.4) Throwing
 - Level 16.0 Armour
 - Level 6.0 Dodging
 + Level 1.2 Stealth
 - Level 15.0 Shields
 - Level 2.9 Evocations


You had 17 spell levels left.
You didn't know any spells.
Your spell library was empty.

Dungeon Overview and Level Annotations

Branches:
Dungeon (15/15)            Temple (0/1) D:6            Lair (6/6) D:9
 Shoals (1/4) Lair:2        Snake (4/4) Lair:4        Slime (0/5) Lair:6
    Orc (2/2) D:10            Elf (0/3) Orc:2        Vaults (0/5) D:14
 Depths (0/4) D:15        Ossuary (visited)           IceCv (visited)
Gauntlet (visited)

Altars:
Elyvilon
Ru
Sif Muna
Uskayaw
Vehumet
Beogh

Shops:
D:3 [   D:9 *   Orc:1 [   Orc:2 *:*:   Snake:1 !

Portals:
Trove: D:15 (give +0 gold dragon scales)

Annotations:
Shoals:1 1 runed translucent door, exclusions: tentacle and 1 more exclusion


Innate Abilities, Weirdness & Mutations

You are immune to sickness and miasma.
Your stone body is resilient. (AC +13)
You are immune to poison.
Your large and strong wings let you fly.
You resist negative energy. (rN+)
You are resistant to electric shocks. (rElec)
You are resistant to unholy torment.
You are immune to petrification.


Message History

You feel a strong urge to attack something.
You see here a +0 trident.
The merfolk avatar chants a haunting song.
You resist with almost no effort. You block the merfolk's attack.
You feel your anger nearly subside.
You are no longer berserk.
You are exhausted.
You feel yourself slow down.
As you read the scroll of teleportation, it crumbles to dust.
You feel strangely unstable.
The merfolk avatar chants a haunting song.
You resist with almost no effort.
The merfolk hits you from afar with a +0 trident.
* * * LOW HITPOINT WARNING * * *
Your skin crawls.
You feel strong-willed.
Your surroundings suddenly seem different.
A merfolk siren comes into view. It is wielding a +0 spear.
The merfolk siren chants a haunting song.
You resist with almost no effort.
Unknown command.
Aiming: Paralyse
Press: ? - help, Shift-Dir - straight line, f - merfolk siren
Aim: a merfolk siren, wielding a +0 spear (chance to affect: 21%)
The merfolk siren suddenly stops moving!
The helpless merfolk siren fails to defend itself.
You open the merfolk siren like a pillowcase!!!
You burn the merfolk siren!
You kill the merfolk siren!
Trog accepts your kill.
Trog appreciates your killing of a magic user.
The merfolk hits you but does no damage.
You miss the merfolk. You block the merfolk's attack.
You slash the merfolk! You burn the merfolk.
The merfolk is moderately wounded.
The merfolk hits you with a +0 trident!
* * * LOW HITPOINT WARNING * * *
You slash the merfolk! You burn the merfolk.
The merfolk is severely wounded.
The merfolk hits you with a +0 trident!
You die...

≈≈≈≈≈≈≈≈≈≈≈≈...........≈≈≈≈≈≈≈≈#
≈≈≈≈≈≈≈≈≈≈≈.≈≈≈.......≈≈≈≈≈≈≈≈≈#
≈≈≈≈≈≈≈≈≈≈≈≈.≈≈.....#..≈≈≈≈≈≈≈≈#
≈≈≈≈≈≈≈≈≈≈≈...≈...÷##..≈≈≈≈≈≈≈≈
≈≈≈≈≈≈≈≈≈≈.....≈........≈≈≈≈≈≈≈
≈≈≈≈≈≈≈≈≈...≈≈≈≈≈.......≈≈≈≈≈≈≈
≈≈≈≈≈≈≈≈≈≈..≈≈)≈≈≈≈....≈≈≈≈≈≈≈≈
≈≈≈≈≈≈≈≈≈≈..≈≈≈.m≈≈≈....≈≈≈≈≈≈
≈≈≈≈≈≈≈≈≈...≈≈..@.≈≈≈≈..≈≈≈≈≈≈
≈≈≈≈≈≈≈≈≈..≈≈≈...........≈≈≈≈≈
≈≈≈≈≈≈≈≈≈...≈≈≈≈≈)≈≈...≈≈≈≈≈≈≈
≈≈≈≈≈≈≈≈.#.....≈≈≈≈≈.....≈≈≈≈≈
≈≈≈≈≈≈≈≈##.......≈≈≈.....≈≈≈≈
≈≈≈≈≈≈≈≈........≈≈≈≈..##.≈≈≈≈
≈......≈≈≈≈≈≈.## .≈≈≈≈
≈≈...≈≈..≈≈≈≈... ≈≈≈
≈..≈≈...≈≈≈≈... ≈≈


You could see a merfolk.

Vanquished Creatures
  Asterion (Snake:1)
  Rupert (Lair:5)
  Jorgrun (Orc:1)
  2 quicksilver dragons (Snake:4)
  A kraken (Shoals:1)
  Kirke (Lair:4)
  3 frost giants (IceCv)
  3 nagarajas (Snake:4)
  A cacodemon (Gauntlet)
  Louise (Snake:2)
  Aizul (Snake:3)
  A reaper (Gauntlet)
  A dire elephant (D:15)
  A white draconian (IceCv)
  A minotaur (Gauntlet)
  A merfolk javelineer (Shoals:1)
  A fire dragon (D:12)
  Josephine (D:13)
  A yaktaur captain (D:14)
  2 merfolk impalers (Shoals:1)
  4 salamander tyrants
  5 boulder beetles
  Fannar (D:11)
  6 hydras
  Harold (D:8)
  10 naga warriors
  6 ice dragons
  8 ironbound frosthearts (IceCv)
  A merfolk aquamancer (Shoals:1)
  6 two-headed ogres
  4 centaur warriors
  11 anacondas
  Erica (D:11)
  Urug (D:11)
  3 orc high priests (Orc:2)
  A tengu warrior (D:15)
  10 death yaks
  8 naga sharpshooters
  10 shock serpents
  Sonja (D:11)
  A soul eater (Gauntlet)
  6 skeletal warriors
  17 sea snakes
  4 salamander mystics
  An orange crystal statue (IceCv)
  2 naga ritualists
  A wizard (D:14)
  A deep elf pyromancer (D:13)
  5 orc knights (Orc:2)
  5 manticores
  11 mana vipers
  7 ugly things
  17 salamanders
  4 oklob plants (Lair:4)
  5 fauns (Shoals:1)
  5 orc sorcerers
  4 cyclopes
  4 elephants (Lair:3)
  Maurice (D:11)
  7 merfolk sirens
  29 black mambas
  2 gargoyles
  12 naga magi
  6 guardian serpents
  2 water nymphs (Shoals:1)
  15 cane toads
  An unseen horror (D:12)
  A kobold demonologist (D:12)
  An efreet (D:14)
  2 hellwings (Gauntlet)
  7 komodo dragons
  3 yaktaurs
  9 rime drakes
  2 tengu conjurers
  14 polar bears
  A troll (D:12)
  14 merfolk (Shoals:1)
  4 wind drakes (Shoals:1)
  9 slime creatures
  A meliai (shapeshifter) (D:14)
  7 blink frogs
  A snapping turtle (Shoals:1)
  6 dream sheep (Lair:6)
  10 hornets
  12 spriggans (Lair:6)
  2 shadows
  A water elemental (Shoals:1)
  A vampire (D:13)
  6 wraiths
  Eustachio (D:4)
  33 yaks
  3 wyverns
  6 basilisks
  A human (shapeshifter) (D:14)
  A steam dragon (D:10)
  2 vampire mosquitoes (D:13)
  35 nagas
  26 water moccasins
  2 acid dragons
  3 wargs
  16 orc warriors
  An ice beast (D:5)
  7 black bears
  A black bear (shapeshifter) (D:14)
  2 necrophages (D:7)
  2 sky beasts
  9 ogres
  18 wolves
  8 boggarts
  11 centaurs
  6 kobold brigands
  7 bullfrogs
  3 water moccasin zombies (Ossuary)
  2 scorpions
  A wyvern zombie (D:9)
  A wyvern skeleton (D:6)
  A killer bee (D:9)
  3 wights (D:8)
  3 electric eels
  7 howler monkeys
  A bullfrog zombie (D:6)
  2 hounds
  17 orc priests
  2 centaur skeletons
  3 jellies
  A gnoll shaman (D:6)
  Terence (D:3)
  An iguana (D:4)
  Ijyb (D:4)
  24 orc wizards
  A killer bee zombie (D:9)
  A hound zombie (D:5)
  A hound skeleton (D:4)
  2 howler monkey zombies
  2 mummies (Ossuary)
  Robin (D:2)
  10 adders
  5 shadow imps
  A white imp (D:8)
  2 ufetubi
  5 adder zombies (Ossuary)
  3 dart slugs
  44 orcs
  7 endoplasms
  2 giant cockroaches (D:1)
  4 gnoll zombies (Ossuary)
  22 goblins
  14 hobgoblins
  21 kobolds
  4 quokkas
  5 ball pythons
  3 bats (D:2)
  5 frilled lizards
  2 hobgoblin zombies (Ossuary)
  7 kobold zombies (Ossuary)
  4 orc zombies (Ossuary)
  23 rats
  3 tentacles (Shoals:1)
892 creatures vanquished.

Vanquished Creatures (collateral kills)
  Saint Roka (Snake:3)
  A nagaraja (Snake:4)
  2 naga warriors
  A fire dragon (D:12)
  An ice dragon (IceCv)
  An ironbound frostheart (IceCv)
  A naga ritualist (Snake:3)
  A mana viper (Snake:3)
  4 black mambas
  5 naga magi
  A guardian serpent (Snake:4)
  A polar bear (IceCv)
  2 nagas (Snake:4)
22 creatures vanquished.

Vanquished Creatures (others)
  An ice dragon (IceCv)
  4 humans (Lair:4)
  A naga (Snake:4)
  2 orc wizards
  42 fungi
  105 plants
  10 tentacles (Shoals:1)
165 creatures vanquished.

Grand Total: 1079 creatures vanquished

Notes
Turn   | Place    | Note
-------+----------+-------------------------------------------
     0 | D:1      | jejorda2 the Gargoyle Berserker began the quest for the
                  | Orb.
     0 | D:1      | Reached XP level 1. HP: 14/14 MP: 1/1
   164 | D:1      | Reached XP level 2. HP: 6/19 MP: 2/2
   782 | D:1      | Reached XP level 3. HP: 20/23 MP: 3/3
  1272 | D:2      | Reached ** piety under Trog
  1290 | D:2      | Noticed Robin
  1327 | D:2      | Killed Robin
  1328 | D:2      | Reached XP level 4. HP: 21/29 MP: 4/4
  1484 | D:2      | Found a faded altar of an unknown god.
  1901 | D:2      | Found a white marble altar of Elyvilon.
  2646 | D:3      | Reached *** piety under Trog
  2737 | D:3      | Reached XP level 5. HP: 29/33 MP: 5/5
  2970 | D:3      | Found Fiarph's Armour Emporium.
  3298 | D:3      | Noticed Terence
  3309 | D:3      | Killed Terence
  3374 | D:3      | Found a sacrificial altar of Ru.
  3672 | D:4      | Noticed Eustachio
  3687 | D:4      | Killed Eustachio
  3688 | D:4      | Reached XP level 6. HP: 39/39 MP: 6/6
  3806 | D:4      | Identified the +1 robe of Perfidy {Int+3}
  3819 | D:4      | Noticed Ijyb
  3837 | D:4      | Killed Ijyb
  3838 | D:4      | Reached skill level 5 in Long Blades
  4048 | D:4      | Noticed a black bear
  4057 | D:4      | Killed a black bear
  4058 | D:4      | Reached skill level 5 in Fighting
  4058 | D:4      | Reached XP level 7. HP: 44/44 MP: 7/7
  4125 | D:4      | Identified the +10 short sword "Jaysyvat" {antimagic,
                  | *Noise rElec rC++ rCorr}
  4678 | D:4      | You fall into a shaft and drop 3 floors!
  4702 | D:7      | Reached skill level 5 in Armour
  4734 | D:7      | Identified the -3 buckler of Feasting {rPois rCorr}
  4828 | D:7      | Reached XP level 8. HP: 44/51 MP: 2/8
  4958 | D:7      | Found a sand-covered staircase.
  4965 | Ossuary  | Entered an ossuary
  5132 | Ossuary  | Reached **** piety under Trog
  6083 | D:6      | Reached XP level 9. HP: 47/55 MP: 3/9
  6238 | D:6      | Found a staircase to the Ecumenical Temple.
  7147 | D:5      | Entered Level 5 of the Dungeon
  7501 | D:5      | Reached skill level 10 in Long Blades
  7979 | D:5      | Reached ***** piety under Trog
  8636 | D:8      | Noticed Harold
  8645 | D:8      | Killed Harold
  8646 | D:8      | Reached XP level 10. HP: 60/60 MP: 3/10
  8671 | D:8      | Received a gift from Trog
  8799 | D:8      | Found a shimmering blue altar of Sif Muna.
  9795 | D:9      | Noticed a two-headed ogre
  9800 | D:9      | Killed a two-headed ogre
  9874 | D:9      | Noticed a two-headed ogre
  9884 | D:9      | Killed a two-headed ogre
 10399 | D:9      | Found a staircase to the Lair.
 10412 | D:9      | Reached XP level 11. HP: 53/64 MP: 11/11
 10462 | D:9      | Noticed a two-headed ogre
 10470 | D:9      | Killed a two-headed ogre
 10471 | D:9      | Reached skill level 1 in Evocations
 10586 | D:9      | Identified the +10 flail "Giant's Curse" {freeze, rN+ rCorr
                  | Dex+4}
 10977 | D:9      | Found Ytossuh's Blasphemy Boutique.
 10985 | D:9      | Bought a +2 demon blade of freezing for 468 gold pieces
 11265 | D:10     | Entered Level 10 of the Dungeon
 11340 | D:10     | Reached skill level 1 in Shields
 11395 | D:10     | Found a staircase to the Orcish Mines.
 12320 | Lair:1   | Entered Level 1 of the Lair of Beasts
 13832 | Lair:2   | Noticed a six-headed hydra
 13852 | Lair:2   | Killed a six-headed hydra
 13853 | Lair:2   | Reached XP level 12. HP: 65/73 MP: 4/12
 14227 | Lair:2   | Found a radiant altar of Vehumet.
 14417 | Lair:2   | Found a staircase to the Shoals.
 14651 | Lair:3   | Noticed a boulder beetle
 14664 | Lair:3   | Killed a boulder beetle
 14874 | Lair:3   | Noticed an eight-headed hydra
 14901 | Lair:3   | Killed an eight-headed hydra
 15097 | Lair:3   | Noticed a seven-headed hydra
 15106 | Lair:3   | Killed a seven-headed hydra
 15242 | Lair:3   | Reached skill level 10 in Fighting
 15596 | Lair:3   | Noticed a death yak
 15596 | Lair:3   | Noticed a four-headed hydra
 15596 | Lair:3   | Noticed a death yak
 15611 | Lair:3   | Noticed a death yak
 15614 | Lair:3   | Noticed a death yak
 15616 | Lair:3   | Killed a death yak
 15621 | Lair:3   | Killed a death yak
 15622 | Lair:3   | Reached skill level 5 in Dodging
 15623 | Lair:3   | Killed a death yak
 15623 | Lair:3   | Noticed a death yak
 15627 | Lair:3   | Killed a four-headed hydra
 15634 | Lair:3   | Killed a death yak
 15634 | Lair:3   | Noticed a death yak
 15635 | Lair:3   | Reached XP level 13. HP: 84/84 MP: 4/13
 16416 | Lair:4   | Found a staircase to the Snake Pit.
 16591 | Lair:4   | Noticed Kirke
 16605 | Lair:4   | Killed Kirke
 16621 | Lair:4   | Reached skill level 10 in Armour
 17341 | Lair:5   | Noticed Rupert
 17360 | Lair:5   | Killed Rupert
 18272 | Lair:6   | Entered Level 6 of the Lair of Beasts
 18722 | Lair:6   | Found a staircase to the Slime Pits.
 18895 | Lair:6   | Reached skill level 1 in Slings
 18897 | Lair:6   | Reached skill level 1 in Throwing
 18993 | Lair:6   | Reached skill level 5 in Shields
 19440 | Lair:6   | Gained mutation: Your large and strong wings let you fly.
                  | [Gargoyle growth]
 19440 | Lair:6   | Reached XP level 14. HP: 78/92 MP: 14/14
 21292 | Orc:1    | Entered Level 1 of the Orcish Mines
 21449 | Orc:1    | Found Eneismaeva's Antique Armour Shoppe.
 21506 | Orc:2    | Entered Level 2 of the Orcish Mines
 21541 | Orc:2    | Found a staircase to the Elven Halls.
 21542 | Orc:2    | Found a gate leading to a gauntlet.
 21579 | Gauntlet | Entered a Gauntlet
 21579 | Gauntlet | Found a transporter.
 21579 | Gauntlet | Found a transporter.
 21660 | Gauntlet | Found a transporter.
 21681 | Gauntlet | Found a transporter.
 21693 | Gauntlet | Found a transporter.
 21693 | Gauntlet | Found a transporter.
 21696 | Gauntlet | Found a transporter.
 21696 | Gauntlet | Found a transporter.
 21696 | Gauntlet | Found a transporter.
 21710 | Gauntlet | Found a transporter.
 21728 | Gauntlet | Found a transporter.
 21738 | Gauntlet | Found a transporter.
 21741 | Gauntlet | Noticed a cacodemon
 21753 | Gauntlet | Found a transporter.
 21765 | Gauntlet | Noticed a reaper
 21773 | Gauntlet | Found a transporter.
 21962 | Gauntlet | Killed a reaper
 22121 | Gauntlet | Killed a cacodemon
 23021 | Orc:2    | Reached skill level 5 in Throwing
 23079 | Orc:2    | Reached ****** piety under Trog
 23080 | Orc:2    | Reached skill level 5 in Slings
 23344 | Orc:2    | Received a gift from Trog
 23358 | Orc:2    | Reached skill level 10 in Shields
 23946 | Orc:2    | Found Jeasosk's General Store.
 23946 | Orc:2    | Found Aschiwke's Book Boutique.
 23948 | Orc:2    | Found Leet's Assorted Antiques.
 23948 | Orc:2    | Found Joganiel's Book Boutique.
 24044 | Orc:1    | Noticed Jorgrun
 24060 | Orc:1    | Killed Jorgrun
 24401 | D:3      | Bought +0 gold dragon scales for 1040 gold pieces
 24613 | Orc:1    | Bought a pair of heavily runed gloves for 304 gold pieces
 24613 | Orc:1    | Identified the -1 pair of gloves of Selue {Harm} (You
                  | bought it in a shop on level 1 of the Orcish Mines)
 24729 | D:11     | Reached XP level 15. HP: 94/96 MP: 15/15
 24799 | D:11     | Noticed Erica
 24809 | D:11     | Killed Erica
 24831 | D:11     | Noticed Maurice
 24841 | D:11     | Killed Maurice
 24924 | D:11     | Identified the +3 robe "Waro" {Int+3 Dex+2}
 25089 | D:11     | Noticed Fannar
 25111 | D:11     | Killed Fannar
 25257 | D:11     | Noticed Urug
 25274 | D:11     | Killed Urug
 25445 | D:11     | Noticed Sonja
 25466 | D:11     | Killed Sonja
 25750 | Orc:1    | Bought a pair of warped gloves for 304 gold pieces
 25750 | Orc:1    | Identified the +1 pair of gloves "Makkyongasm" {rPois Will-
                  | Slay+5 Stlth+} (You bought it in a shop on level 1 of the
                  | Orcish Mines)
 25995 | D:12     | Identified the +12 trident "Suf Qaq" {vorpal, rElec rPois
                  | rN++ Stlth-}
 26195 | D:12     | Found a runed translucent door.
 26195 | D:12     | Found the +2 shield of Resistance {rF++ rC++ Will++}
 26196 | D:12     | Found a runed translucent door.
 26825 | D:12     | Received a gift from Trog
 27724 | D:13     | Noticed Josephine
 27737 | D:13     | Killed Josephine
 28180 | D:14     | Found a flickering gateway to a bazaar.
 28195 | Bazaar   | Entered a bazaar
 28195 | Bazaar   | Found Ryucs's Magic Scroll Boutique.
 28195 | Bazaar   | Found Kuif's Antique Armour Shoppe.
 28195 | Bazaar   | Found Qaji's Jewellery Shop.
 28195 | Bazaar   | Found Jin Usuhaem's Magic Scroll Shoppe.
 28360 | Bazaar   | Found Pongil Kinu's Jewellery Shop.
 28360 | Bazaar   | Found Banask's General Store.
 28384 | Bazaar   | Bought a ring of see invisible for 150 gold pieces
 29155 | D:14     | Found a gate to the Vaults.
 29615 | D:15     | Entered Level 15 of the Dungeon
 29722 | D:15     | Found a staircase to the Depths.
 30052 | D:15     | Received a gift from Trog
 30296 | D:15     | Reached skill level 15 in Shields
 30316 | D:15     | Found a portal to a secret trove of treasure.
 30590 | D:15     | Reached XP level 16. HP: 100/101 MP: 16/16
 31416 | Snake:1  | Entered Level 1 of the Snake Pit
 31587 | Snake:1  | Found Xakh's Distillery.
 31603 | Snake:1  | Found a hide-covered altar of Uskayaw.
 32664 | Snake:1  | Received a gift from Trog
 32778 | Snake:1  | Noticed Asterion
 32796 | Snake:1  | Killed Asterion
 35395 | Snake:2  | Noticed Louise
 35429 | Snake:2  | Killed Louise
 35970 | Snake:2  | Identified the +5 chain mail of the Big Bang {+Blink rF-
                  | rC++ rN+}
 36064 | Snake:3  | Noticed Saint Roka
 36103 | Snake:3  | Reached XP level 17. HP: 43/106 MP: 17/17
 36145 | Snake:3  | Killed Saint Roka
 36146 | Snake:3  | Reached skill level 15 in Armour
 36166 | Snake:3  | Found a frozen archway.
 36182 | IceCv    | Entered an ice cave
 36860 | IceCv    | HP: 4/106 [ironbound frostheart/creeping frost (33)]
 37054 | IceCv    | Reached skill level 10 in Throwing
 38438 | Snake:3  | Noticed Aizul
 38458 | Snake:3  | Killed Aizul
 39327 | Snake:4  | Entered Level 4 of the Snake Pit
 39348 | Snake:4  | Received a gift from Trog
 39955 | Snake:4  | Noticed a quicksilver dragon
 39969 | Snake:4  | Killed a quicksilver dragon
 39970 | Snake:4  | Reached skill level 15 in Long Blades
 39970 | Snake:4  | Reached XP level 18. HP: 91/112 MP: 18/18
 39970 | Snake:4  | Noticed a quicksilver dragon
 39984 | Snake:4  | Killed a quicksilver dragon
 40051 | Snake:4  | Received a gift from Trog
 40604 | Snake:4  | Got a serpentine rune of Zot
 40723 | Snake:4  | Identified the +0 pair of gloves of the Kraken {rC+ Str+5}
 41334 | Shoals:1 | Entered Level 1 of the Shoals
 42539 | Shoals:1 | Found a runed translucent door.
 43071 | Shoals:1 | Received a gift from Trog
 43072 | Shoals:1 | HP: 6/169 [merfolk (13)]
 43074 | Shoals:1 | Reached skill level 1 in Stealth
 43079 | Shoals:1 | HP: 5/113 [merfolk (1)]
 43090 | Shoals:1 | Slain by a merfolk

Illustrated notes

Levels and vault maps discovered:
D:1:      dpeg_arrival_concentric_ovals, layout_rooms
D:2:      cheibrodos_greedy_goblins, layout_rooms,
          shapermc_ecumenical_altar_petra, basic_altar, serial_forest,
          infiniplex_forest_end_3, infiniplex_forest_lined_corner,
          infiniplex_forest_corner_1, infiniplex_forest_clump_small,
          infiniplex_forest_lined_corner, chequers_jeans, uniq_robin
D:3:      layout_loops_corners, lemuel_coloured_pillars_altar, serial_shops,
          shop, minmay_rat_hole, uniq_terence
D:4:      layout_gridville, uniq_ijyb, uniq_eustachio
D:5:      layout_gridville, minmay_manual_macuahuitl
D:6:      minmay_skewed_foursquare, layout_loops_corners,
          minmay_temple_entry_mini_moons, corexii_item_surrounded_by_moat,
          columned_hall_lemuel
D:7:      minmay_flawed_box, layout_loops_ring, chequers_ossuary_entry_cave
D:8:      layout_layer_cave, nicolae_sif_muna_condensation, chequers_garden,
          uniq_harold
D:9:      minmay_four_partial_circles, layout_loops_ring, david_lair_generic,
          nicolae_evil_shop
D:10:     layout_basic, minmay_orc_entry_temple_small,
          minmay_misc_feat_secret_circle
D:11:     layout_grid_maze, uniq_urug, uniq_fannar, uniq_erica, uniq_sonja,
          uniq_maurice
D:12:     layout_loops_corners, minmay_guarded_unrand_resistance
D:13:     layout_roguey, kennysheep_cross_room, uniq_josephine
D:14:     layout_roguey, david_vaults_2, infiniplex_staircase_zigzag_4,
          serial_shops, bzr_entry_dummy, minmay_mirror_moons_of_madness
D:15:     hangedman_depths_entry_try_elsewhere_first, layout_basic,
          dk_noncrumbling_3, enter_trove_1
Lair:1:   layout_cave_pods, minivault_25
Lair:2:   layout_cave_pods, minmay_shoals_entry_lonely_mermaid, basic_altar
Lair:3:   layout_chaotic_city, nzn_sisyphean_effort
Lair:4:   dpeg_oklob_gauntlet, layout_loops_ring,
          minmay_snake_entry_six_corridors, uniq_kirke
Lair:5:   wad_woods_structure_01, layout_long_grid, uniq_rupert
Lair:6:   minmay_lair_end_enchanted_forest, layout_regular_city,
          minmay_slime_entry_pillars, lemuel_fruit_fields
Shoals:1: nicolae_shoals_lighthouse, layout_shoals
Snake:1:  minmay_snake_river, layout_gridlike, basic_altar, lemuel_fruit_tree,
          minmay_shop_star, uniq_asterion
Snake:2:  layout_onion, uniq_louise, uniq_vashnia
Snake:3:  layout_grid_shapes, portal_ice_cave_entry_dragon,
          serial_bayou_shore_a, serial_bayou_shore_b, grunt_megastairs_1,
          uniq_saint_roka, uniq_aizul
Snake:4:  hellmonk_snake_rune_quicksilver_temple, layout_cave_town
Orc:1:    layout_caves, serial_shops, nicolae_shop_behind_doors, uniq_jorgrun
Orc:2:    grunt_orc_tribal_feast, layout_diamond_mine, gauntlet_entry_generic

Skill      XL: |  1  2  3  4  5  6  7  8  9 10 11 12 13 14 15 16 17 18 |
---------------+-------------------------------------------------------+-----
Long Blades    | 3 4 5 6 8 11 13 14 15 16 | 16.0
Armour         | 3 4 5 6 7 9 12 14 16 | 16.0
Fighting       | 4 5 6 7 11 12 | 12.6
Evocations     | 2 |  2.9
Shields        | 4 6 10 15 | 15.0
Dodging        | 3 5 6 |  6.0
Slings         | 2 5 6 8 9 |  9.5
Throwing       | 2 5 8 11 12 | 12.1
Stealth        | 1 |  1.2

Action                   |  1- 3 |  4- 6 |  7- 9 | 10-12 | 13-15 | 16-18 || total
-------------------------+-------+-------+-------+-------+-------+-------++-------
Melee: Falchion          |   119 |   204 |    23 |       |       |       ||   346
       Short sword       |       |       |   299 |    55 |    10 |    31 ||   395
       Great sword       |       |       |       |   135 |       |       ||   135
       Demon blade       |       |       |       |   322 |  1437 |   681 ||  2440
       Double sword      |       |       |       |       |    22 |   433 ||   455
       Scimitar          |       |       |       |       |     4 |       ||     4
 Fire: Hunting sling     |       |       |       |       |   132 |   469 ||   601
Throw: Stone             |    11 |    13 |     9 |     9 |       |       ||    42
       Throwing net      |       |       |       |     1 |       |       ||     1
       Dart              |       |       |       |     3 |    76 |    12 ||    91
Invok: Berserk           |     1 |     5 |     6 |     9 |    12 |    15 ||    48
       Trog's Hand       |     1 |     1 |     2 |     1 |     5 |    11 ||    21
       Brothers in Arms  |       |       |       |       |     1 |     9 ||    10
Evoke: Wand              |       |     4 |       |       |     2 |    11 ||    17
       Tin of tremorston |       |       |       |       |       |     2 ||     2
       Condenser vane    |       |       |       |       |       |     1 ||     1
       Phial of floods   |       |       |       |       |       |     2 ||     2
  Use: Potion            |     2 |       |     1 |       |     2 |     5 ||    10
       Scroll            |       |       |    16 |     7 |     4 |     8 ||    35
 Stab: Sleeping          |     1 |       |       |       |       |       ||     1
       Paralysed         |       |       |       |       |       |     5 ||     5
       Distracted        |       |       |       |       |       |     1 ||     1
Armor: Animal skin       |    63 |    39 |       |       |       |       ||   102
       Leather armour    |       |    33 |       |       |       |       ||    33
       Scale mail        |       |    26 |   119 |       |       |       ||   145
       Chain mail        |       |       |    56 |    28 |       |       ||    84
       Plate armour      |       |       |       |   201 |   332 |       ||   533
       Gold dragon scale |       |       |       |       |   187 |   697 ||   884
Dodge: Dodged            |    66 |   113 |   105 |   111 |   201 |   233 ||   829
Block: Buckler           |       |       |       |    83 |   300 |       ||   383
       Kite shield       |       |       |       |       |   154 |   722 ||   876

Table legend: (Time is in decaauts)
 A = Elapsed time spent in this place.
 B = Non-inter-level travel time spent in this place.
 C = Inter-level travel time spent in this place.
 D = Time resting spent in this place.
 E = Time spent auto-exploring this place.
 F = Levels seen in this place.
 G = Mean time per level.
                   A        B        C        D        E       F      G
               +--------+--------+--------+--------+--------+-----+--------+
         Total |  42173 |  38355 |   3818 |   3214 |  27826 |  32 | 1317.9 |
       Dungeon |  19124 |  16887 |   2237 |   1221 |  12836 |  15 | 1274.9 |
          Lair |   9386 |   8397 |    989 |    547 |   6271 |   6 | 1564.3 |
        Shoals |   1452 |   1452 |      0 |    232 |    721 |   1 | 1452.0 |
     Snake Pit |   7247 |   6865 |    382 |    175 |   5322 |   4 | 1811.8 |
  Orcish Mines |   2200 |   1991 |    209 |    342 |   1225 |   2 | 1100.0 |
        Bazaar |    193 |    193 |      0 |    163 |     15 |   1 |  193.0 |
       Ossuary |    288 |    288 |      0 |      0 |    186 |   1 |  288.0 |
      Ice Cave |   1467 |   1467 |      0 |    350 |    791 |   1 | 1467.0 |
      Gauntlet |    813 |    813 |      0 |    180 |    457 |   1 |  813.0 |
               +--------+--------+--------+--------+--------+-----+--------+

Top non-repeatable levels by time:
  Lair:6: 2384 daAuts
 Snake:1: 2382 daAuts
 Snake:2: 1804 daAuts
 Snake:4: 1778 daAuts
  Lair:3: 1738 daAuts
   Orc:2: 1724 daAuts
     D:9: 1571 daAuts
     D:3: 1548 daAuts
  Lair:2: 1542 daAuts
     D:8: 1472 daAuts
   IceCv: 1467 daAuts
Shoals:1: 1452 daAuts
     D:5: 1357 daAuts
    D:10: 1315 daAuts
  Lair:4: 1291 daAuts
